PCL
CALGARY COWBOYS @ SPOKANE TRAPPERS
04/17/2023
 
TOP OF THE 1ST
Calgary Cowboys batting - Pitching for Spokane Trappers : LHP Adrián León
Pitching: LHP Adrián León
Batting: RHB Clark Hodge 0-0: Ground out 5-3 (Groundball, 56)
Batting: LHB Donald Schultz 0-0: Called Strike
0-1: Ground out 4-3 (Groundball, 4M)
Batting: RHB Dan Wyatt 0-0: Ball
1-0: Called Strike
1-1: Foul Ball, location: 2F
1-2: Strikes out looking
Top of the 1st over - 0 run(s), 0 hit(s), 0 error(s), 0 left on base; Calgary 0 - Spokane 0
BOTTOM OF THE 1ST
Spokane Trappers batting - Pitching for Calgary Cowboys : RHP Lucas Taylor
Pitching: RHP Lucas Taylor
Batting: RHB Pedro Guzmán 0-0: Called Strike
0-1: Fly out, F8 (Flyball, 8RD)
Batting: RHB John Craig 0-0: Swinging Strike
0-1: Ground out U3 (Groundball, 3S)
Batting: SHB Esteban Silva 0-0: Ball
1-0: Fly out, F6 (Popup, 6S)
Bottom of the 1st over - 0 run(s), 0 hit(s), 0 error(s), 0 left on base; Calgary 0 - Spokane 0
TOP OF THE 2ND
Calgary Cowboys batting - Pitching for Spokane Trappers : LHP Adrián León
Batting: RHB Cristián Peña 0-0: Foul Ball, location: 2F
0-1: SINGLE (Line Drive, 6D)
Batting: LHB Al Ryan 0-0: Foul Ball, location: 2F
0-1: DOUBLE (Line Drive, 89S)
Cristián Peña to third
Batting: RHB Jesús Hernández 0-0: Called Strike
0-1: Fly out, F9 (Flyball, 89M)
Runner from 3rd tags up, OUT at HOME
Al Ryan to third
Batting: RHB Iain Liefting 0-0: Called Strike
0-1: Foul Ball, location: 2F
0-2: Ball
1-2: Foul Ball, location: 2F
1-2: Fly out, F9 (Flyball, 89M)
Top of the 2nd over - 0 run(s), 2 hit(s), 0 error(s), 1 left on base; Calgary 0 - Spokane 0
BOTTOM OF THE 2ND
Spokane Trappers batting - Pitching for Calgary Cowboys : RHP Lucas Taylor
Batting: RHB Ernesto Acosta 0-0: Ball
1-0: Called Strike
1-1: Fly out, F8 (Flyball, 8RS)
Batting: LHB José Feliciano 0-0: Swinging Strike
0-1: Ball
1-1: Ball
2-1: Ball
3-1: Called Strike
3-2: Foul Ball, location: 2F
3-2: Strikes out swinging
Batting: LHB Fernando Pérez 0-0: Foul Ball, location: 2F
0-1: Ball
1-1: Foul Ball, location: 2F
1-2: Foul Ball, location: 2F
1-2: Ball
2-2: SINGLE (Line Drive, 34)
Batting: RHB Hyo-sang Yu 0-0: Called Strike
0-1: Ball
1-1: Ground out 6-3 (Groundball, 6)
Bottom of the 2nd over - 0 run(s), 1 hit(s), 0 error(s), 1 left on base; Calgary 0 - Spokane 0
TOP OF THE 3RD
Calgary Cowboys batting - Pitching for Spokane Trappers : LHP Adrián León
Batting: RHB Tom Yarbrough 0-0: Ground out 6-3 (Groundball, 6)
Batting: RHB Júlio Soto 0-0: Ball
1-0: Swinging Strike
1-1: Ground out 5-3 (Groundball, 56)
Batting: RHB Clark Hodge 0-0: Called Strike
0-1: Foul Ball, location: 2F
0-2: Ball
1-2: Foul Ball, location: 2F
1-2: Strikes out swinging
Top of the 3rd over - 0 run(s), 0 hit(s), 0 error(s), 0 left on base; Calgary 0 - Spokane 0
BOTTOM OF THE 3RD
Spokane Trappers batting - Pitching for Calgary Cowboys : RHP Lucas Taylor
Batting: RHB Félix Tremblay 0-0: Ground out 6-3 (Groundball, 6)
Batting: LHB Jaime Padilla 0-0: Called Strike
0-1: Fly out, F7 (Flyball, 78D)
Batting: RHB Pedro Guzmán 0-0: Ball
1-0: Ball
2-0: Foul Ball, location: 2F
2-1: Foul Ball, location: 2F
2-2: Ball
3-2: Strikes out swinging
Bottom of the 3rd over - 0 run(s), 0 hit(s), 0 error(s), 0 left on base; Calgary 0 - Spokane 0
TOP OF THE 4TH
Calgary Cowboys batting - Pitching for Spokane Trappers : LHP Adrián León
Batting: LHB Donald Schultz 0-0: Foul Ball, location: 2F
0-1: Ball
1-1: Foul Ball, location: 2F
1-2: Foul Ball, location: 2F
1-2: Ball
2-2: Fly out, F9 (Flyball, 89S)
Batting: RHB Dan Wyatt 0-0: Ball
1-0: Ball
2-0: Called Strike
2-1: Reached on error, E3 (Groundball, 3)
Batting: RHB Cristián Peña 0-0: Ball
1-0: Called Strike
1-1: Ball
2-1: Grounds into double play, 4-6-3 (Groundball, 4M)
Top of the 4th over - 0 run(s), 0 hit(s), 1 error(s), 0 left on base; Calgary 0 - Spokane 0
BOTTOM OF THE 4TH
Spokane Trappers batting - Pitching for Calgary Cowboys : RHP Lucas Taylor
Batting: RHB John Craig 0-0: Ball
1-0: Ground out 6-3 (Groundball, 6MS)
Batting: SHB Esteban Silva 0-0: Called Strike
0-1: Called Strike
0-2: Strikes out swinging
Batting: RHB Ernesto Acosta 0-0: Foul Ball, location: 2F
0-1: Ball
1-1: Ball
2-1: Foul Ball, location: 2F
2-2: Foul Ball, location: 2F
2-2: Ball
3-2: Foul Ball, location: 2F
3-2: Fly out, F9 (Flyball, 9M)
Bottom of the 4th over - 0 run(s), 0 hit(s), 0 error(s), 0 left on base; Calgary 0 - Spokane 0
TOP OF THE 5TH
Calgary Cowboys batting - Pitching for Spokane Trappers : LHP Adrián León
Batting: LHB Al Ryan 0-0: Ball
1-0: Ball
2-0: Ground out 4-3 (Groundball, 4)
Batting: RHB Jesús Hernández 0-0: Fly out, F7 (Flyball, 78M)
Batting: RHB Iain Liefting 0-0: Ground out 6-3 (Groundball, 6)
Top of the 5th over - 0 run(s), 0 hit(s), 0 error(s), 0 left on base; Calgary 0 - Spokane 0
BOTTOM OF THE 5TH
Spokane Trappers batting - Pitching for Calgary Cowboys : RHP Lucas Taylor
Batting: LHB José Feliciano 0-0: Foul Ball, location: 2F
0-1: Fly out, F7 (Flyball, 7M)
Batting: LHB Fernando Pérez 0-0: Ball
1-0: SINGLE (Flyball, 89S)
Batting: RHB Hyo-sang Yu 0-0: Ball
1-0: Ball
2-0: Called Strike
2-1: Grounds into double play, 6-4-3 (Groundball, 6)
Bottom of the 5th over - 0 run(s), 1 hit(s), 0 error(s), 0 left on base; Calgary 0 - Spokane 0
TOP OF THE 6TH
Calgary Cowboys batting - Pitching for Spokane Trappers : LHP Adrián León
Batting: RHB Tom Yarbrough 0-0: Fly out, F8 (Flyball, 8RD)
Batting: RHB Júlio Soto 0-0: Foul Ball, location: 2F
0-1: Fly out, F5 (Line Drive, 5S)
Batting: RHB Clark Hodge 0-0: Ball
1-0: Ball
2-0: Ball
3-0: Called Strike
3-1: Ground out 6-3 (Groundball, 56)
Top of the 6th over - 0 run(s), 0 hit(s), 0 error(s), 0 left on base; Calgary 0 - Spokane 0
BOTTOM OF THE 6TH
Spokane Trappers batting - Pitching for Calgary Cowboys : RHP Lucas Taylor
Batting: RHB Félix Tremblay 0-0: Ball
1-0: Called Strike
1-1: Fly out, F3 (Popup, 3F)
Batting: LHB Jaime Padilla 0-0: Swinging Strike
0-1: Ground out 4-3 (Groundball, 4)
Batting: RHB Pedro Guzmán 0-0: Ball
1-0: SINGLE (Groundball, 6)
Batting: RHB John Craig 0-0: Called Strike
0-1: Ball
1-1: Fly out, F7 (Line Drive, 7M)
Bottom of the 6th over - 0 run(s), 1 hit(s), 0 error(s), 1 left on base; Calgary 0 - Spokane 0
TOP OF THE 7TH
Calgary Cowboys batting - Pitching for Spokane Trappers : LHP Adrián León
Batting: LHB Donald Schultz 0-0: Ball
1-0: Ball
2-0: Swinging Strike
2-1: Foul Ball, location: 2F
2-2: Ball
3-2: SINGLE (Line Drive, 8LS)
Batting: RHB Dan Wyatt 0-0: Ball
1-0: Ball
2-0: Swinging Strike
2-1: Reached on error, E1 (Groundball, 15S)
Donald Schultz to second
Batting: RHB Cristián Peña 0-0: Foul Ball, location: 2F
0-1: Foul Ball, location: 2F
0-2: Grounds into double play, 5-4-3 (Groundball, 56)
Donald Schultz to third
Batting: LHB Al Ryan 0-0: Ball
1-0: Ball
2-0: Called Strike
2-1: DOUBLE (Line Drive, 89D)
Donald Schultz scores
Pitching: RHP Ching-wei Zi
Batting: RHB Jesús Hernández 0-0: Ground out 6-3 (Groundball, 6)
Top of the 7th over - 1 run(s), 2 hit(s), 1 error(s), 1 left on base; Calgary 1 - Spokane 0
BOTTOM OF THE 7TH
Spokane Trappers batting - Pitching for Calgary Cowboys : RHP Lucas Taylor
Batting: SHB Esteban Silva 0-0: Ground out 4-3 (Groundball, 34)
Batting: RHB Ernesto Acosta 0-0: Ball
1-0: Ball
2-0: Called Strike
2-1: Foul Ball, location: 2F
2-2: Foul Ball, location: 2F
2-2: Fly out, F3 (Popup, 3F)
Batting: LHB José Feliciano 0-0: Called Strike
0-1: Ball
1-1: Ball
2-1: Ball
3-1: Foul Ball, location: 2F
3-2: Strikes out swinging
Bottom of the 7th over - 0 run(s), 0 hit(s), 0 error(s), 0 left on base; Calgary 1 - Spokane 0
TOP OF THE 8TH
Calgary Cowboys batting - Pitching for Spokane Trappers : RHP Ching-wei Zi
Batting: RHB Iain Liefting 0-0: Foul Ball, location: 2F
0-1: Ball
1-1: Called Strike
1-2: Ground out 6-3 (Groundball, 6)
Batting: RHB Tom Yarbrough 0-0: Ball
1-0: Called Strike
1-1: Ball
2-1: Ball
3-1: Ground out 4-3 (Groundball, 4)
Batting: RHB Júlio Soto 0-0: Ground out 5-3 (Groundball, 56S)
Top of the 8th over - 0 run(s), 0 hit(s), 0 error(s), 0 left on base; Calgary 1 - Spokane 0
BOTTOM OF THE 8TH
Spokane Trappers batting - Pitching for Calgary Cowboys : RHP Lucas Taylor
Batting: LHB Fernando Pérez 0-0: Called Strike
0-1: Called Strike
0-2: SINGLE (Line Drive, 7S)
Batting: RHB Hyo-sang Yu 0-0: Bunted foul
0-1: Sac Bunt - play at first, batter OUT! 2-4
Fernando Pérez to second
Batting: RHB Félix Tremblay 0-0: Called Strike
0-1: Foul Ball, location: 2F
0-2: Ball
1-2: Ball
2-2: Foul Ball, location: 2F
2-2: Foul Ball, location: 2F
2-2: Foul Ball, location: 2F
2-2: Ground out 4-3 (Groundball, 4MS)
Fernando Pérez to third
Pinch Hitting: SHB António Hinojosa 0-0: Ball
1-0: Foul Ball, location: 2F
1-1: SINGLE (Groundball, 4MD)
Fernando Pérez scores
Pinch Hitting: LHB Henry Leroux 0-0: Foul Ball, location: 2F
0-1: Ball
1-1: Fielders Choice at 2nd, U6 (Groundball, 6M)
Bottom of the 8th over - 1 run(s), 2 hit(s), 0 error(s), 1 left on base; Calgary 1 - Spokane 1
TOP OF THE 9TH
Calgary Cowboys batting - Pitching for Spokane Trappers : RHP Ching-wei Zi
Pitching: RHP José Ortíz
Now at 3B: Carmelo Hernández
Now at SS: Dani Rodríguez
Batting: RHB Clark Hodge 0-0: Ground out 6-3 (Groundball, 6)
Batting: LHB Donald Schultz 0-0: SINGLE (Line Drive, 8LS)
Batting: RHB Dan Wyatt 0-0: Foul Ball, location: 2F
0-1: Swinging Strike
0-2: Strikes out swinging
Batting: RHB Cristián Peña 0-0: Called Strike
0-1: Ball
1-1: Foul Ball, location: 2F
1-2: Strikes out looking
Top of the 9th over - 0 run(s), 1 hit(s), 0 error(s), 1 left on base; Calgary 1 - Spokane 1
BOTTOM OF THE 9TH
Spokane Trappers batting - Pitching for Calgary Cowboys : RHP Lucas Taylor
Pitching: LHP Alfredo Durán
Batting: RHB John Craig 0-0: Foul Ball, location: 2F
0-1: Called Strike
0-2: Ball
1-2: Foul Ball, location: 2F
1-2: Ball
2-2: Foul Ball, location: 2F
2-2: Fly out, F8 (Flyball, 8RM)
Batting: SHB Esteban Silva 0-0: Ball
1-0: Called Strike
1-1: Swinging Strike
1-2: Foul Ball, location: 2F
1-2: Fly out, F9 (Flyball, 9LM)
Batting: RHB Ernesto Acosta 0-0: Ball
1-0: Foul Ball, location: 2F
1-1: Ball
2-1: Swinging Strike
2-2: Ground out 5-3 (Groundball, 5S)
Bottom of the 9th over - 0 run(s), 0 hit(s), 0 error(s), 0 left on base; Calgary 1 - Spokane 1
TOP OF THE 10TH
Calgary Cowboys batting - Pitching for Spokane Trappers : RHP José Ortíz
Batting: LHB Al Ryan 0-0: Ball
1-0: Swinging Strike
1-1: Foul Ball, location: 2F
1-2: Ball
2-2: Ball
3-2: Base on Balls
Batting: RHB Jesús Hernández 0-0: Sac Bunt - play at first, batter safe!
Al Ryan to second
Pinch Hitting: RHB Ramón Martínez 0-0: Ball
1-0: Swinging Strike
1-1: Bunted foul
1-2: Ball
2-2: Ball
3-2: Base on Balls
Al Ryan to third
Jesús Hernández to second
Batting: RHB Tom Yarbrough 0-0: Swinging Strike
0-1: Ball
1-1: Swinging Strike
1-2: Strikes out looking
Batting: RHB Júlio Soto 0-0: Swinging Strike
0-1: Foul Ball, location: 2F
0-2: Foul Ball, location: 2F
0-2: Ball
1-2: Ball
2-2: Grounds into fielders choice 6-2 (Groundball, 6)
Jesús Hernández to third
Ramón Martínez to second
Batting: RHB Clark Hodge 0-0: Called Strike
0-1: Ball
1-1: Foul Ball, location: 2F
1-2: Ball
2-2: Ball
3-2: Foul Ball, location: 2F
3-2: Base on Balls
Jesús Hernández scores
Ramón Martínez to third
Júlio Soto to second
Batting: LHB Donald Schultz 0-0: Ground out 1-3 (Groundball, 13S)
Top of the 10th over - 1 run(s), 1 hit(s), 0 error(s), 3 left on base; Calgary 2 - Spokane 1
BOTTOM OF THE 10TH
Spokane Trappers batting - Pitching for Calgary Cowboys : LHP Alfredo Durán
Now at 2B: Ramón Martínez
Pinch Hitting: RHB Toru Nakanishi 0-0: Ball
1-0: Foul Ball, location: 2F
1-1: Called Strike
1-2: Ball
2-2: Foul Ball, location: 2F
2-2: DOUBLE (Line Drive, 7LS)
Batting: LHB Fernando Pérez 0-0: Called Strike
0-1: Swinging Strike
0-2: Ball
1-2: Foul Ball, location: 2F
1-2: Ball
2-2: Ball
3-2: Foul Ball, location: 2F
3-2: Ground out 4-3 (Groundball, 4)
Toru Nakanishi to third
Batting: RHB Hyo-sang Yu 0-0: Called Strike
0-1: Called Strike
0-2: Ball
1-2: Ball
2-2: Ground out 6-3 (Groundball, 6)
Batting: RHB Félix Tremblay 0-0: Ball
1-0: Fly out, F8 (Flyball, 8RXD)
Bottom of the 10th over - 0 run(s), 1 hit(s), 0 error(s), 1 left on base; Calgary 2 - Spokane 1
This league is powered by Out of the Park Baseball, the baseball management simulation game for PC, Mac and Linux
Wednesday, December 2nd, 2015 - OOTP Baseball 16.8 Build 38